 Dungeon Crawl Stone Soup version 0.20.1-1-g8b1a95d (webtiles) character file.

663 Linguinho the Chucker (level 7, -4/66 HPs)
             Began as a Troll Hunter on Nov 14, 2017.
             Slain by a hippogriff (8 damage)
             ... on level 5 of the Dungeon.
             The game lasted 00:05:39 (3042 turns).

Linguinho the Chucker (Troll Hunter)                Turns: 3042, Time: 00:05:40

Health: -4/66      AC:  5    Str: 23    XL:     7   Next: 31%
Magic:  6/6        EV: 10    Int:  7    God:
Gold:   315        SH:  0    Dex: 10    Spells: 6/6 levels left

rFire    + . .     SeeInvis .   (no weapon)
rCold    + . .     Gourm    +   (no shield)
rNeg     . . .     Faith    .   h - +0 robe {rC+ rF+}
rPois    .         Spirit   .   (helmet restricted)
rElec    .         Reflect  .   (no cloak)
rCorr    .         Harm     .   (gloves unavailable)
MR       .....                  (boots unavailable)
Stlth    +.........             (no amulet)
Regen    0.7/turn               (no ring)
MPRegen  0.1/turn               (no ring)

@: no status effects
A: unfitting armour, claws 3, fast metabolism 3, gourmand, regeneration 1,
shaggy fur 1, tough skin 2
a: no special abilities


You were on level 5 of the Dungeon.
You were completely stuffed.

You visited 1 branch of the dungeon, and saw 6 of its levels.

You collected 315 gold pieces.

Inventory:

Hand Weapons
 e - a +0 whip
 F - a +0 giant club
Missiles
 c - 3 large rocks (quivered)
 d - a throwing net
Armour
 b - a +0 robe
 h - a +0 robe of resistance (worn)
Jewellery
 j - an uncursed ring of see invisible {unknown}
 q - an uncursed amulet of the gourmand {unknown}
 G - an uncursed ring of see invisible {unknown}
Wands
 w - a wand of disintegration (16/24)
 A - a wand of iceblast (7/15)
 C - a wand of paralysis (8/24)
Scrolls
 k - a scroll of enchant weapon {unknown}
 l - a scroll of blinking {unknown}
 r - 2 scrolls of teleportation {unknown}
 s - 3 scrolls of magic mapping {unknown}
 t - a scroll of amnesia {unknown}
 u - 3 scrolls of immolation
 v - a scroll of remove curse {unknown}
 y - 2 scrolls of identify
Potions
 i - 3 potions of berserk rage {unknown}
 m - 2 potions of lignification {unknown}
 n - 2 potions of brilliance {unknown}
 o - a potion of flight {unknown}
 p - 3 potions of curing {unknown}
 x - a potion of resistance {unknown}
 z - a potion of mutation {unknown}
 D - 2 potions of agility {unknown}
Comestibles
 a - 2 fruits
 f - 4 bread rations
 g - 4 meat rations
 B - 2 chunks of flesh
 E - a royal jelly


   Skills:
 + Level 2.9 Fighting
 * Level 2.3 Maces & Flails
 * Level 6.3 Throwing
 + Level 3.3 Dodging
 - Level 0.3 Stealth


You had 6 spell levels left.
You didn't know any spells.

Dungeon Overview and Level Annotations

Branches:
Dungeon (6/15)
 Temple: D:4-7

Altars:
Elyvilon

Shops:
D:4 %*


Innate Abilities, Weirdness & Mutations

You are too large for most types of armour.
You have claws for hands.
Your metabolism is lightning-fast.
You like to eat raw meat.
Your natural rate of healing is unusually fast.
You are covered in fur. (AC +1)
You have very tough skin. (AC +2)


Message History

Press: ? - help, Shift-Dir - straight line, f - hippogriff
Aim: a hippogriff (moderately wounded)
You throw a large rock. The large rock hits the hippogriff.
The hippogriff is moderately wounded.
The hippogriff closely misses you. The hippogriff pecks you.
The hippogriff barely misses you. The hippogriff bites you!
* * * LOW HITPOINT WARNING * * *
The hippogriff barely misses you. The hippogriff claws you.
* * * LOW HITPOINT WARNING * * *
Throwing (i - inventory. (,) - cycle):
c - 4 large rocks (quivered)
Press: ? - help, Shift-Dir - straight line, f/p - hippogriff
Aim: a hippogriff (moderately wounded)
You throw a large rock. The large rock hits the hippogriff!
The hippogriff is severely wounded.
The hippogriff bites you!
* * * LOW HITPOINT WARNING * * *
The hippogriff pecks you.
* * * LOW HITPOINT WARNING * * *
The hippogriff claws you!
You die...

#######
############.....#
####..........+......
#......)#######.....#
#.......##...##.....#
#...@....'...+.......
#...H.........#))...#
#.....###≈###[#.....#
#.....#.#≈#.#.)......
##..###.#≈#.###...)..
#......#≈#..........
##.###.#≈#.###.###..
#...#.#≈#.#...# #..
###.###≈###.### #..


You could see a hippogriff.

Vanquished Creatures
  Sigmund (D:3)
  The ghost of Linguinho the Chucker, an amateur TrHu (D:4)
  An ogre (D:5)
  A howler monkey (D:5)
  A centaur skeleton (D:4)
  An iguana (D:4)
  Terence (D:2)
  An orc wizard (D:4)
  3 gnolls (D:4)
  5 adders
  A howler monkey skeleton (D:4)
  2 shadow imps (D:5)
  An adder skeleton (D:5)
  A worm (D:2)
  2 dart slugs
  2 leopard geckos (D:1)
  10 orcs
  2 ball pythons
  5 bats
  2 giant cockroaches
  4 goblins
  2 hobgoblins (D:1)
  5 jackals (D:1)
  8 kobolds
  5 frilled lizards
  6 rats
74 creatures vanquished.

Vanquished Creatures (others)
  An orc (D:4)
  A kobold (D:2)
2 creatures vanquished.

Grand Total: 76 creatures vanquished

Notes
Turn   | Place    | Note
-------+----------+-------------------------------------------
     0 | D:1      | Linguinho the Troll Hunter began the quest for the Orb.
     0 | D:1      | Reached XP level 1. HP: 19/19 MP: 0/0
   154 | D:1      | Reached XP level 2. HP: 8/27 MP: 1/1
   155 | D:1      | Reached skill level 4 in Throwing
   517 | D:1      | Reached XP level 3. HP: 33/33 MP: 2/2
   649 | D:2      | Found a white marble altar of Elyvilon.
   740 | D:2      | HP: 1/35 [adder (2)]
  1108 | D:2      | Noticed Terence
  1118 | D:2      | Killed Terence
  1118 | D:2      | Reached XP level 4. HP: 41/42 MP: 3/3
  1346 | D:3      | Noticed Sigmund
  1368 | D:3      | Killed Sigmund
  1368 | D:3      | Reached skill level 1 in Maces & Flails
  1368 | D:3      | Reached skill level 5 in Throwing
  1368 | D:3      | Reached XP level 5. HP: 22/49 MP: 4/4
  1683 | D:3      | Reached XP level 6. HP: 55/57 MP: 5/5
  1974 | D:4      | Found Piky's Assorted Antiques.
  2023 | D:4      | Noticed Linguinho's ghost (amateur TrHu)
  2043 | D:4      | Killed Linguinho's ghost
  2043 | D:4      | Reached skill level 6 in Throwing
  2549 | D:4      | Found Gexorourch's Food Boutique.
  2609 | D:5      | Entered Level 5 of the Dungeon
  2654 | D:5      | Reached XP level 7. HP: 54/66 MP: 6/6
  2873 | D:5      | Noticed a hippogriff
  3042 | D:5      | Slain by a hippogriff

Skill      XL: |  1  2  3  4  5  6  7 |
---------------+----------------------+-----
Throwing       | 4 5 6 |  6.3
Fighting       | 2 |  2.9
Maces & Flails | 1 2 |  2.3
Dodging        | 2 3 |  3.3
Stealth        | |  0.3

Action                   |  1- 3 |  4- 6 |  7- 9 || total
-------------------------+-------+-------+-------++-------
Melee: Unarmed           |   130 |   153 |    73 ||   356
Throw: Throwing net      |       |     1 |       ||     1
       Large rock        |       |       |     2 ||     2
  Use: Scroll            |       |     1 |       ||     1
 Stab: Sleeping          |     1 |       |       ||     1
       Held in net/web   |       |     1 |       ||     1
  Eat: Chunk             |    13 |    17 |     4 ||    34
Armor: Robe              |    39 |    48 |    19 ||   106
Dodge: Dodged            |    81 |    73 |    54 ||   208
